 Dungeon Crawl Stone Soup version 0.29-a0-982-gaed3a0c8d8 (webtiles) character file.

Game seed: 4632445200492333866

149 MisterAzrael the Magician (level 5, -2/39 HPs)
             Began as a Djinni Fire Elementalist on Aug 1, 2022.
             Slain by a gnoll bouda
             ... wielding a +0 whip
              (6 damage)
             ... on level 4 of the Dungeon.
             The game lasted 00:04:11 (3239 turns).

MisterAzrael the Magician (DjFE)                    Turns: 3239, Time: 00:04:12

Health: -2/39      AC:  2    Str:  7    XL:     5   Next: 56%
Gold:   130        EV: 12    Int: 18    God:
                   SH:  0    Dex: 14

rFire   + + .      SeeInvis .   m - staff of conjuration
rCold   x . .      Faith    .   (no shield)
rNeg    . . .      Spirit   .   a - +0 robe
rPois   ∞          Reflect  .   (no helmet)
rElec   .          Harm     .   (no cloak)
rCorr   .          Rampage  .   (no gloves)
Will    .....                   (boots unavailable)
Stlth   ++........              (no amulet)
HPRegen 0.13/turn               (no ring)
MPRegen 0.00/turn               (no ring)

@: flying
A: sickness immunity, fire resistance 2, cold vulnerability 1, float, innate
caster, HP casting, extra vitality 1
a: no special abilities


You were on level 4 of the Dungeon.
You visited 1 branch of the dungeon, and saw 4 of its levels.

You collected 130 gold pieces.

Inventory:

Missiles
 g - 2 javelins
Armour
 a - a +0 robe (worn)
Magical Staves
 m - a staff of conjuration (weapon)
Scrolls
 b - 5 scrolls of identify {unknown}
 d - 2 scrolls of teleportation {unknown}
 e - a scroll of enchant armour {unknown}
 i - a scroll of summoning {unknown}
 j - a scroll of blinking {unknown}
 l - a scroll of noise {unknown}
 o - a scroll of vulnerability {unknown}
 r - a scroll of enchant weapon {unknown}
 s - a scroll of immolation {unknown}
 t - a scroll of butterflies {unknown}
Potions
 c - a potion of lignification {unknown}
 f - a potion of berserk rage {unknown}
 h - a potion of flight {unknown}
 k - a potion of brilliance {unknown}
 n - a potion of magic {unknown}
 p - a potion of invisibility {unknown}
 q - a potion of curing {unknown}


   Skills:
 + Level 2.7 Fighting
 - Level 2.6 Dodging
 - Level 2.0 Stealth
 + Level 3.5 Spellcasting


You couldn't memorise any spells.
You knew the following spells:

 Your Spells              Type           Power      Damage    Failure   Level
a - Foxfire               Conj/Fire      92%        2x1d8     3%          1
b - Scorch                Fire           30%        2d7       5%          2
c - Conjure Flame         Conj/Fire      23%        6-21      11%         3
d - Inner Flame           Hex/Fire       15%        N/A       11%         3
e - Flame Wave            Conj/Fire      23%        2d8       34%         4
f - Necrotise             Necr           60%        1d7       3%          1
g - Wereblood             Tmut           15%        N/A       5%          2
Your spell library was empty.

Dungeon Overview and Level Annotations

Branches:
Dungeon (4/15)
 Temple: D:4-7

Altars:
Xom

Shops:
D:1 :   D:4 [


Innate Abilities, Weirdness & Mutations

You are immune to sickness and miasma.
You are immune to poison.
Your flesh is very heat resistant. (rF++)
You are vulnerable to cold. (rC-)
You float through the air rather than walking.
You learn spells naturally, not from books.
Your magical power is your life essence.
You have superior vitality. (+4 MHP)


Message History

The gnoll bouda is heavily wounded.
The iguana bites you.
You feel a surge of power!
You conjure some foxfire!
The foxfire hits the gnoll bouda.
The gnoll bouda is heavily wounded.
A quokka comes into view.
The iguana bites you.
The foxfire hits the gnoll bouda but does no damage.
The gnoll bouda is heavily wounded.
The foxfire hits the gnoll bouda but does no damage.
The gnoll bouda is heavily wounded.
The goblin misses you. The iguana barely misses you.
The gnoll bouda barely misses you.
You feel a surge of power!
You conjure some foxfire!
The gnoll bouda barely misses you. The iguana bites you!
The goblin hits you but does no damage. What are your orders? t - Shout!
Orders for allies: a - Attack new target. r - Retreat! s - Stop attacking. g - Guard the area. f - Follow me.
Anything else - Cancel.
Gang up on whom?
Press: ? - help, Dir - move target, f - gnoll bouda
Aim: a gnoll bouda, wielding a +0 whip, wearing a +0 leather armour and wearing a +0 buckler (heavily wounded) Attack!
The foxfire hits the gnoll bouda.
The gnoll bouda is severely wounded.
The foxfire hits the gnoll bouda.
The gnoll bouda is almost dead.
The goblin misses you. The iguana bites you.
The gnoll bouda hits you with a +0 whip!
* * * LOW HITPOINT WARNING * * *
The gnoll bouda attacks as you move away!
The gnoll bouda closely misses you. The iguana attacks as you move away!
The iguana barely misses you. The goblin attacks as you move away!
The goblin hits you with a +0 whip.
* * * LOW HITPOINT WARNING * * *
The gnoll bouda attacks as you move away!
The gnoll bouda hits you with a +0 whip.
You die...

#........... #..........#
#.. #..........# ..
#..........##.#
#..........#..#
#..........#..#
###...#####...# ##
####.#.#####g..#.#
..#####....†....@g.r..#
...#....#.##.###.l.....#
#....##...##.##..........
#........##...).......##.
##..........###......#
###....)..............#
.......#.)........>...#
..#...)...............#
................


You could see a gnoll bouda, an iguana, a quokka and a goblin.

Vanquished Creatures
  4 gnolls (D:3)
  3 adders
  2 worms (D:3)
  3 dart slugs
  6 orcs
  5 ball pythons
  6 endoplasms
  2 giant cockroaches
  2 goblins (D:1)
  3 hobgoblins
  4 jackals
  2 quokkas
  9 bats
  6 frilled lizards
  5 kobolds
  3 rats
65 creatures vanquished.

Vanquished Creatures (collateral kills)
  A foxfire (D:1)
1 creature vanquished.

Vanquished Creatures (others)
  249 foxfires
249 creatures vanquished.

Grand Total: 315 creatures vanquished

Notes
Turn   | Place    | Note
-------+----------+-------------------------------------------
     0 | D:1      | MisterAzrael the Djinni Fire Elementalist began the quest
                  | for the Orb.
     0 | D:1      | MisterAzrael set off with the following spells memorised:
                  | Foxfire, Scorch, Conjure Flame, Inner Flame, Flame Wave.
     0 | D:1      | Reached XP level 1. HP: 15/15 MP: 0/0
   447 | D:1      | Reached XP level 2. HP: 18/21 MP: 0/0
   562 | D:1      | Found Vemeuj's Book Emporium.
   800 | D:1      | Reached XP level 3. HP: 21/26 MP: 0/0
   800 | D:1      | Learned a level 1 spell: Necrotise
  1244 | D:2      | Reached skill level 1 in Fighting
  1619 | D:2      | Found a faded altar of an unknown god.
  1885 | D:2      | Reached skill level 3 in Spellcasting
  2066 | D:3      | Reached XP level 4. HP: 30/32 MP: 0/0
  2719 | D:3      | Reached XP level 5. HP: 34/38 MP: 0/0
  2719 | D:3      | Learned a level 2 spell: Wereblood
  3037 | D:3      | Found a shimmering altar of Xom.
  3082 | D:4      | Found Loametz's Antique Armour Shoppe.
  3239 | D:4      | Slain by a gnoll bouda

Illustrated notes

Levels and vault maps discovered:
D:1:      dpeg_arrival_fog, layout_rooms, serial_shops, nicolae_shop_crystal
D:2:      layout_rooms, shapermc_ecumenical_altar_totnotflames
D:3:      layout_basic, lemuel_crystal_altar
D:4:      layout_rooms, serial_shops, shop, nicolae_shop_hallway_stairs,
          nicolae_shop_hallway_stairs, nicolae_inconvenience_store, shop,
          minmay_circle_x

Skill      XL: |  1  2  3  4 |
---------------+-------------+-----
Stealth        | 2 |  2.0
Fighting       | 1 2 |  2.7
Spellcasting   | 3 |  3.5
Dodging        | |  2.6

Action                   |  1- 3 |  4- 6 || total
-------------------------+-------+-------++-------
Melee: Unarmed           |     3 |       ||     3
 Cast: Foxfire           |    84 |    65 ||   149
Armor: Robe              |     5 |     2 ||     7
Dodge: Dodged            |    17 |     9 ||    26

Table legend: (Time is in decaauts)
 A = Elapsed time spent in this place.
 B = Non-inter-level travel time spent in this place.
 C = Inter-level travel time spent in this place.
 D = Time resting spent in this place.
 E = Time spent auto-exploring this place.
 F = Levels seen in this place.
 G = Mean time per level.
                   A        B        C        D        E       F      G
               +--------+--------+--------+--------+--------+-----+--------+
         Total |   3237 |   3177 |     60 |      0 |   2753 |   4 |  809.2 |
       Dungeon |   3237 |   3177 |     60 |      0 |   2753 |   4 |  809.2 |
               +--------+--------+--------+--------+--------+-----+--------+

Top non-repeatable levels by time:
     D:1: 1233 daAuts
     D:3: 1054 daAuts
     D:2: 793 daAuts
     D:4: 156 daAuts
